Map: Orbital Shipyard

Players

Shura (Scarlett)

  • Race: Zerg Zerg
  • League: Master

LiquidTLO (TLO) - Winner!

  • Race: Zerg Zerg
  • League: Grandmaster

Event: DreamHack ZOWIE Open Leipzig

VOD

Have the link to the VOD?

Description

Time

  • Played on: Jan. 22, 2016, 10:44 a.m.
  • Length: 10:41

All games in this series

Show
View Real Time Build Order
Export as new Build Order

Shura Zerg 

Build Orders: Hatch First 

Get SALT Encoding   

  12  0:00  Drone  
  13  0:08  Drone  
  14  0:18  Overlord  
  14  0:24  Extractor  
  14  0:25  Drone  
  15  0:36  Drone x2  
  17  0:51  Hatchery  
  17  0:55  Drone  
  17  0:58  Drone  
  18  1:11  Spawning Pool  
  18  1:13  Extractor  
  18  1:16  Drone  
  17  1:19  Drone  
  18  1:27  Drone  
  19  1:37  Overlord  
  19  1:49  Drone  
  20  1:58  Queen  
  20  1:59  Zergling x2  
  23  2:03  Drone, Queen  
  26  2:11  Drone  
  26  2:14  Drone  
  28  2:18  Metabolic Boost  
  28  2:25  Drone x2  
  30  2:34  Hatchery  
  29  2:37  Drone  
  29  2:43  Queen  
  32  2:49  Overlord  
  32  2:55  Drone  
  32  2:56  Drone  
  34  2:59  Baneling Nest  
  34  3:01  Drone  
  34  3:03  Drone  
  35  3:07  Drone  
  35  3:08  Drone  
  35  3:11  Drone  
  38  3:13  Drone  
  38  3:18  Zergling x4  
  41  3:21  Drone  
  41  3:25  Drone x2  
  44  3:33  Overlord  
  44  3:43  Overlord  
  44  3:46  Drone x6  
  50  3:48  Baneling  
  50  3:52  Queen  
  50  3:53  Drone  
  50  3:54  Drone  
  54  3:56  Drone  
  54  3:58  Overlord  
  55  4:08  Overlord, Drone  
  55  4:09  Drone x3  
  58  4:12  Extractor  
  58  4:14  Zergling x4  
  58  4:15  Overlord  
  58  4:16  Drone  
  60  4:20  Evolution Chamber  
  60  4:22  Roach Warren, Drone  
  59  4:24  Drone  
  59  4:25  Drone  
  59  4:26  Drone  
  59  4:27  Drone  
  59  4:29  Drone  
  59  4:30  Drone  
  59  4:31  Drone  
  66  4:38  Overlord  
  66  4:39  Drone x2  
  66  4:43  Drone x2  
  70  4:47  Extractor  
  70  4:48  Zerg Missile Weapons Level 1, Pneumatized Carapace  
  70  4:52  Lair, Drone  
  70  4:53  Drone x3  
  73  5:00  Overlord  
  73  5:01  Drone x5  
  73  5:06  Extractor  
  77  5:08  Extractor x2  
  77  5:09  Overlord  
  77  5:11  Roach x4  
  83  5:18  Overlord  
  83  5:19  Drone  
  83  5:20  Overlord  
  84  5:27  Drone x3, Overlord  
  87  5:31  Roach x5  
  87  5:33  Ravager  
  98  5:43  Ravager x2  
  98  5:47  Overlord, Drone  
  98  5:48  Drone  
  102  5:51  Ravager  
  102  5:52  Roach x3  
  102  5:55  Overlord x2  
  109  5:58  Glial Reconstitution  
  109  6:07  Overseer  
  109  6:09  Overseer  
  109  6:14  Hatchery, Roach x5  
  109  6:15  Roach  
  120  6:23  Spore Crawler x2, Queen x3  
  124  6:32  Spore Crawler  
  114  6:36  Drone  
  114  6:37  Drone x2, Hydralisk Den  
  114  6:39  Infestation Pit  
  114  6:42  Spore Crawler  
  111  6:51  Overlord x2, Drone  
  111  6:52  Drone x3  
  114  6:57  Spore Crawler  
  112  7:06  Hydralisk x5, Muscular Augments  
  122  7:10  Spore Crawler  
  120  7:16  Pathogen Glands  
  120  7:17  Drone x2  
  120  7:19  Spore Crawler  
  120  7:22  Drone x3  
  124  7:26  Zerg Missile Weapons Level 2  
  124  7:32  Hatchery  
  123  7:40  Infestor  
  123  7:41  Infestor x2  
  129  7:49  Infestor  
  131  7:53  Drone x3  
  131  7:55  Spore Crawler  
  133  8:04  Overlord x3  
  133  8:05  Overlord x2  
  133  8:06  Hydralisk x5  
  133  8:12  Hatchery  
  142  8:14  Hydralisk  
  142  8:19  Hydralisk x2  
  148  8:21  Roach  
  147  8:34  Roach x5  
  155  8:44  Roach x5  
  165  8:51  Hydralisk x3  
  171  9:03  Roach  
  171  9:04  Roach x5  
  182  9:10  Roach  
  182  9:11  Roach  
  184  9:18  Roach  
  186  9:24  Roach x2  
  186  9:26  Hive, Overseer x2  
  186  9:28  Queen  
  188  9:34  Roach x2  
  188  9:37  Hatchery  
  151  9:43  Hydralisk x6  
  151  9:44  Hydralisk  
  135  9:51  Roach  
  125  9:59  Infestor x2  
  113  10:07  Roach  
  113  10:08  Roach x5  
Show
View Real Time Build Order
Export as new Build Order

LiquidTLO Zerg - Winner!

Build Orders: Hatch First, Muta Ling Bane 

Get SALT Encoding   

  12  0:00  Drone  
  13  0:12  Overlord  
  13  0:17  Drone  
  14  0:32  Drone x2  
  14  0:35  Drone  
  17  0:52  Hatchery  
  17  0:55  Drone  
  17  1:08  Spawning Pool  
  17  1:11  Drone  
  17  1:14  Drone  
  17  1:15  Extractor  
  17  1:19  Drone  
  18  1:28  Drone  
  19  1:41  Drone  
  20  1:49  Overlord  
  20  1:54  Queen  
  22  2:03  Queen  
  22  2:05  Drone x2  
  26  2:12  Drone  
  26  2:15  Drone  
  28  2:25  Hatchery, Zergling x2  
  28  2:29  Drone  
  29  2:33  Metabolic Boost  
  29  2:36  Drone  
  30  2:38  Drone  
  31  2:44  Baneling Nest  
  31  2:46  Zergling x2  
  31  2:52  Overlord  
  31  3:00  Drone  
  32  3:06  Drone x2  
  32  3:07  Overlord  
  32  3:09  Zergling x2  
  32  3:12  Drone  
  36  3:13  Drone x2  
  36  3:15  Drone  
  39  3:21  Queen  
  39  3:24  Drone  
  42  3:27  Drone  
  42  3:32  Lair  
  43  3:36  Drone, Extractor x2  
  43  3:41  Baneling x2  
  41  3:42  Zergling x4  
  41  3:44  Drone  
  41  3:46  Drone  
  41  3:47  Drone  
  46  3:49  Zergling x2  
  46  3:50  Drone  
  46  3:53  Drone  
  46  3:55  Zergling x2  
  50  3:59  Drone  
  50  4:01  Drone  
  50  4:02  Drone x2  
  54  4:09  Drone  
  54  4:11  Drone  
  54  4:14  Drone x3  
  54  4:16  Extractor  
  54  4:17  Drone  
  58  4:22  Overlord x2  
  58  4:29  Spire  
  58  4:30  Drone  
  58  4:33  Overlord  
  58  4:34  Overlord  
  58  4:40  Drone x3  
  58  4:42  Drone  
  58  4:43  Drone  
  58  4:45  Drone  
  63  4:46  Drone  
  63  4:48  Drone  
  63  4:49  Drone  
  63  4:52  Drone  
  67  4:53  Drone  
  67  4:54  Drone  
  67  4:59  Drone  
  70  5:00  Drone, Extractor x2  
  69  5:07  Zergling x2  
  69  5:09  Drone  
  69  5:10  Zergling x4  
  69  5:11  Drone x3  
  69  5:12  Drone x2  
  69  5:13  Zergling x2  
  79  5:18  Overlord  
  79  5:21  Overlord  
  79  5:27  Overlord  
  79  5:41  Zerg Flyer Weapons Level 1, Mutalisk x6  
  79  5:42  Mutalisk x2  
  95  5:46  Drone x2  
  97  5:50  Drone  
  97  5:52  Spine Crawler  
  97  5:54  Spine Crawler  
  96  5:59  Drone  
  96  6:00  Infestation Pit  
  96  6:05  Drone, Overlord  
  96  6:10  Evolution Chamber  
  96  6:11  Evolution Chamber, Drone  
  96  6:12  Overlord  
  96  6:14  Overlord  
  96  6:22  Mutalisk  
  98  6:26  Drone  
  98  6:30  Zergling x4  
  98  6:31  Zergling x4  
  103  6:34  Overlord  
  103  6:35  Mutalisk x2  
  106  6:41  Hive  
  106  6:42  Mutalisk  
  106  6:43  Mutalisk x2  
  111  6:51  Drone  
  111  6:55  Zerg Ground Armor Level 1, Zerg Melee Weapons Level 1  
  111  6:56  Zergling x8  
  111  7:01  Hatchery  
  114  7:06  Zergling x2  
  115  7:13  Drone x9  
  124  7:17  Overlord x2  
  124  7:22  Overlord  
  124  7:25  Pathogen Glands  
  124  7:28  Overlord  
  124  7:33  Zergling x2  
  124  7:35  Zergling x4  
  127  7:37  Zerg Flyer Weapons Level 2  
  127  7:39  Overlord  
  127  7:42  Drone, Extractor x2  
  126  7:47  Overlord  
  126  7:48  Zergling x2  
  127  7:56  Adrenal Glands, Ultralisk Cavern  
  126  7:59  Centrifical Hooks  
  126  8:01  Zergling x2  
  126  8:05  Drone x3  
  129  8:06  Zergling x4  
  129  8:10  Drone  
  133  8:22  Burrow  
  133  8:23  Overlord  
  133  8:25  Hatchery  
  127  8:28  Zergling x2  
  123  8:36  Zergling x2  
  123  8:37  Zergling x4  
  123  8:38  Overlord, Zergling x4  
  118  8:44  Chitinous Plating  
  118  8:45  Ultralisk x2  
  118  8:47  Ultralisk x2  
  139  8:49  Zergling x2  
  139  8:50  Zergling x2  
  141  8:56  Ultralisk, Zergling x2  
  141  8:57  Zergling x6  
  141  9:00  Baneling x6  
  141  9:01  Zergling x2, Baneling  
  141  9:02  Zergling x4  
  154  9:03  Overlord  
  154  9:11  Ultralisk  
  157  9:18  Ultralisk  
  157  9:23  Baneling x4  
  161  9:24  Zergling x4  
  161  9:25  Zergling x2  
  161  9:26  Zergling x2  
  161  9:28  Zergling x2  
  165  9:37  Ultralisk  
  161  9:39  Zergling x4  
  161  9:41  Zergling x4  
  161  9:42  Zergling x4  
  161  9:43  Zergling x2  
  161  9:44  Zergling x6  
  160  9:51  Zergling x4  
  160  9:52  Zergling x2  
  145  9:53  Ultralisk  
  145  9:54  Ultralisk  
  145  9:59  Zergling x2  
  152  10:00  Zergling x2  
  152  10:01  Zergling x2  
  155  10:07  Drone  
  155  10:08  Drone  
  156  10:15  Zergling x2  
  156  10:19  Zergling x4  
  158  10:22  Zergling x4  

Tags
 
Add a new tag
Caveats
  • Supply blocks, unpowered buildings, or Contaminate may cause inaccurate times.
  • Supply counts are checked every 10 seconds.